 Dungeon Crawl Stone Soup version 0.29.1-15-g9cfb28693d (webtiles) character file.

Game seed: 17549599059339227210

32256 Peloso the Fencer (level 13, -4/119 HPs)
             Began as a Minotaur Fighter on Apr 20, 2023.
             Was a High Priest of Okawaru.
             Slain by a ten-headed hydra (10 damage)
             ... on level 1 of the Lair of Beasts.
             The game lasted 00:39:28 (25085 turns).

Peloso the Fencer (Minotaur Fighter)               Turns: 25085, Time: 00:39:30

Health: -4/119     AC: 22    Str: 24    XL:     13   Next: 30%
Magic:  12/13      EV: 11    Int:  5    God:    Okawaru [*****.]
Gold:   1541       SH: 10    Dex: 12    Spells: 12/12 levels left

rFire   . . .      SeeInvis .   b - +2 hand axe (flame)
rCold   . . .      Faith    .   d - +2 buckler
rNeg    . . .      Spirit   .   J - +0 plate armour
rPois   +          Reflect  .   S - +0 hat
rElec   .          Harm     .   c - +0 cloak
rCorr   .          Rampage  .   (no gloves)
Will    .....                   C - +0 pair of boots
Stlth   ..........              U - amulet of regeneration
HPRegen 1.09/turn               f - ring of flight
MPRegen 0.13/turn               t - ring of poison resistance

@: heroic, flying
A: horns 2, retaliatory headbutt
a: Renounce Religion, Heroism, Finesse, Duel


You were on level 1 of the Lair of Beasts.
You worshipped Okawaru.
Okawaru was extremely pleased with you.
You visited 4 branches of the dungeon, and saw 18 of its levels.
You also visited: Bailey.

You collected 1541 gold pieces.

Inventory:

Hand Weapons
 a - a +1 scimitar of holy wrath
 b - a +2 hand axe of flaming (weapon)
Missiles
 p - 3 throwing nets (quivered)
Armour
 c - a +0 cloak (worn)
 d - a +2 buckler (worn)
 C - a +0 pair of boots (worn)
 E - a +0 chain mail of willpower
 J - a +0 plate armour (worn)
 S - a +0 hat (worn)
Jewellery
 f - a ring of flight (left hand)
 r - a ring of wizardry
 t - a ring of poison resistance (right hand)
 u - a ring of protection from cold
 y - an amulet of faith
 G - a +4 ring of evasion
 I - an amulet of guardian spirit
 M - a ring of see invisible
 R - a +6 ring of dexterity
 U - an amulet of regeneration (around neck)
Wands
 F - a wand of flame (12)
 K - a wand of polymorph (7)
 L - a wand of acid (2)
 T - a wand of mindburst (7)
Scrolls
 g - 6 scrolls of fear
 h - 3 scrolls of silence
 k - 5 scrolls of teleportation
 l - 2 scrolls of enchant armour
 n - 3 scrolls of summoning
 o - 6 scrolls of enchant weapon
 v - 3 scrolls of amnesia
 z - 3 scrolls of identify
 D - 4 scrolls of brand weapon
 H - 2 scrolls of poison
 O - a scroll of magic mapping
 P - a scroll of immolation
 Q - a scroll of fog
Potions
 e - a potion of berserk rage
 i - a potion of heal wounds
 j - 5 potions of cancellation
 m - 6 potions of curing
 q - a potion of magic
 s - 3 potions of mutation
 w - 2 potions of resistance
 x - 6 potions of brilliance
 A - 2 potions of flight
 N - 2 potions of haste


   Skills:
 + Level 12.3(17.3) Fighting
 + Level 15.1(20.1) Long Blades
 + Level 15.1(20.1) Armour
 + Level 4.6(9.6) Dodging
 + Level 2.1(7.1) Stealth
 + Level 11.6(16.6) Shields
 + Level 2.4 Invocations
 + Level 1.3 Evocations


You had 12 spell levels left.
You didn't know any spells.
Your spell library contained the following spells:

 Spells                   Type           Power      Damage    Failure   Level
 Beastly Appendage        Tmut           0%         N/A       97%         1
 Magic Dart               Conj           0%         1d3       97%         1
 Necrotise                Necr           0%         1d4       97%         1
 Ensorcelled Hibernation  Hex/Ice        0%         N/A       99%         2
 Searing Ray              Conj           0%         2d4       99%         2
 Wereblood                Tmut           0%         N/A       99%         2
 Spider Form              Tmut/Pois      0%         N/A       100%        3
 Vampiric Draining        Necr           0%         2d6       100%        3
 Anguish                  Hex/Necr       0%         N/A       100%        4
 Fulminant Prism          Conj/Hex       0%         3d6       100%        4
 Hailstorm                Conj/Ice       0%         3d3       100%        4
 Ice Form                 Ice/Tmut       0%         N/A       100%        4
 Passage of Golubria      Tloc           0%         N/A       100%        4
 Agony                    Necr           0%         N/A       100%        5
 Silence                  Hex/Air        0%         N/A       100%        5
 Lehudib's Crystal Spear  Conj/Erth      0%         10d2      100%        8
 Simulacrum               Ice/Necr       Unusable   N/A       N/A         6

Dungeon Overview and Level Annotations

Branches:
Dungeon (12/15)            Temple (1/1) D:6            Lair (4/5) D:10
  Swamp (0/4) Lair:2       Spider (0/4) Lair:2          Orc (1/2) D:12
 Bailey (visited)
  Slime: Lair:4-5

Altars:
Ashenzari
Elyvilon
Fedhas
Gozag
Hepliaklqana
Kikubaaqudgha
Makhleb
Nemelex Xobeh
Okawaru
Qazlal
Ru
Sif Muna
Trog
Uskayaw
Vehumet
Wu Jian
Xom
Yredelemnul
Zin

Shops:
D:10 ?

Annotations:
D:5 3 runed translucent doors, mursu's ghost, weakling PaDe
D:9 1 runed translucent door, Artool's ghost, novice DsGl


Innate Abilities, Weirdness & Mutations

You have a pair of horns on your head.
You reflexively headbutt those who attack you in melee.


Message History

The 11-headed hydra bites you but does no damage.
The 11-headed hydra bites you.
The 11-headed hydra bites you but does no damage.
The 11-headed hydra closely misses you. You block the 11-headed hydra's attack.
The 11-headed hydra bites you but does no damage. x2
You lop one of the 11-headed hydra's heads off!
The flame cauterises the wound!
You hit the ten-headed hydra. You burn the ten-headed hydra.
You headbutt the ten-headed hydra!
The ten-headed hydra is severely wounded.
The ten-headed hydra bites you. The ten-headed hydra bites you!
The ten-headed hydra bites you but does no damage. x4
The ten-headed hydra barely misses you.
The ten-headed hydra bites you but does no damage.
The ten-headed hydra bites you.
The ten-headed hydra bites you but does no damage.
You barely miss the ten-headed hydra.
The ten-headed hydra is severely wounded.
The ten-headed hydra bites you.
You block the ten-headed hydra's attack.
The ten-headed hydra bites you!
The ten-headed hydra closely misses you.
The ten-headed hydra bites you but does no damage.
The ten-headed hydra bites you.
* * * LOW HITPOINT WARNING * * *
The ten-headed hydra bites you but does no damage.
The ten-headed hydra bites you.
* * * LOW HITPOINT WARNING * * *
The ten-headed hydra barely misses you. The ten-headed hydra bites you!
* * * LOW HITPOINT WARNING * * *
The ten-headed hydra closely misses you.
You furiously retaliate!
You headbutt the ten-headed hydra!
The ten-headed hydra bites you but does no damage.
The ten-headed hydra bites you!
* * * LOW HITPOINT WARNING * * *
The ten-headed hydra bites you.
* * * LOW HITPOINT WARNING * * *
The ten-headed hydra bites you.
* * * LOW HITPOINT WARNING * * *
The ten-headed hydra bites you!
You die...

#)# #.......... #.##
#.......... ##)P#
#.......~~~ #..##
#.......~~~ ##.#
#.......~## ##.#
#.......~#. #..#
#.......~.. ##D####
#.......~~.
##@##.###.......##.
#..................
#............#.....
##..####.#...##.....
#......#.#####....#.
#......#.####...###.
#......#..##...###..
#..........#...##...
#......#.###>.8###..


You could see a ten-headed hydra.

Vanquished Creatures
  The ghost of engelados the Eclecticist, a journeyman BaCj of Vehumet (Lair:1)
  A hydra (D:12)
  2 vault guards (Bailey)
  2 boulder beetles (D:11)
  2 two-headed ogres
  An orc high priest (Orc:1)
  A deep elf pyromancer (D:12)
  An orc knight (Orc:1)
  2 wolf spiders (Lair:3)
  An ugly thing (D:12)
  A cyclops (D:11)
  2 manticores
  A will-o-the-wisp (Lair:2)
  A black mamba (Lair:3)
  Joseph (Lair:1)
  7 cane toads
  A kobold demonologist (D:7)
  2 rime drakes
  6 komodo dragons
  A troll (D:10)
  Prince Ribbit (Bailey)
  A hornet (Lair:2)
  4 blink frogs (Lair:1)
  7 dream sheep
  2 shadows
  A spriggan (shapeshifter) (D:12)
  5 wyverns
  27 yaks
  Grum (D:5)
  3 basilisks
  5 humans (Bailey)
  3 vampire mosquitoes (D:12)
  A wraith (D:12)
  3 steam dragons
  8 water moccasins
  11 orc warriors
  3 black bears
  An ice beast (D:7)
  2 ogres
  20 wolves
  8 centaurs
  2 phantoms (D:5)
  7 kobold brigands
  18 bullfrogs
  2 gnoll sergeants (D:5)
  5 scorpions
  6 killer bees (D:10)
  An electric eel (Lair:1)
  3 howler monkeys (D:7)
  9 hounds
  Crazy Yiuf (D:6)
  8 orc priests
  2 jellies
  6 iguanas
  4 gnoll boudas
  5 orc wizards
  23 gnolls
  12 adders
  A shadow imp (D:6)
  2 worms (D:2)
  4 dart slugs
  66 orcs
  2 endoplasms
  4 giant cockroaches
  13 goblins
  10 hobgoblins
  3 jackals
  29 kobolds
  4 quokkas
  9 ball pythons
  4 bats
  2 frilled lizards
  5 rats
426 creatures vanquished.

Vanquished Creatures (others)
  An orc wizard (D:7)
  3 kobolds (D:8)
  A bush (D:10)
  4 foxfires (Lair:2)
  9 fungi
  37 plants
55 creatures vanquished.

Grand Total: 481 creatures vanquished

Notes
Turn   | Place    | Note
-------+----------+-------------------------------------------
     0 | D:1      | Peloso the Minotaur Fighter began the quest for the Orb.
     0 | D:1      | Reached XP level 1. HP: 19/19 MP: 0/0
   166 | D:1      | Reached XP level 2. HP: 27/27 MP: 1/1
   615 | D:1      | Found a faded altar of an unknown god.
   759 | D:2      | Reached XP level 3. HP: 22/33 MP: 2/2
  1070 | D:2      | Found a shimmering blue altar of Sif Muna.
  1235 | D:2      | Reached XP level 4. HP: 40/40 MP: 3/3
  1528 | D:2      | Reached skill level 1 in Dodging
  2008 | D:3      | You are sucked into a shaft and drop 3 floors!
  2018 | D:6      | Noticed a scorpion
  2028 | D:6      | Killed a scorpion
  2029 | D:6      | Reached skill level 5 in Armour
  2029 | D:6      | Reached XP level 5. HP: 44/47 MP: 4/4
  2081 | D:5      | Entered Level 5 of the Dungeon
  2087 | D:4      | Noticed a black bear
  2087 | D:4      | Noticed a phantom
  2323 | D:5      | Killed a black bear
  2324 | D:5      | Reached skill level 5 in Long Blades
  2324 | D:5      | Reached XP level 6. HP: 39/53 MP: 5/5
  2338 | D:5      | Noticed a water moccasin
  2345 | D:5      | Killed a water moccasin
  2366 | D:4      | Reached skill level 5 in Fighting
  2628 | D:4      | Reached XP level 7. HP: 61/61 MP: 6/6
  4333 | D:5      | Reached XP level 8. HP: 53/70 MP: 7/7
  4744 | D:5      | Reached skill level 5 in Shields
  4836 | D:5      | Found a runed translucent gate.
  4837 | D:5      | Found a runed translucent gate.
  4839 | D:5      | Noticed mursu's ghost (weakling PaDe)
  4840 | D:5      | Found a runed translucent gate.
  5550 | D:5      | Noticed Grum
  5561 | D:5      | Killed Grum
  6172 | D:6      | Found a staircase to the Ecumenical Temple.
  6181 | Temple   | Entered the Ecumenical Temple
  6332 | Temple   | Became a worshipper of Warmaster Okawaru
  6682 | D:6      | Found an opulent altar of Gozag.
  6783 | D:6      | Reached XP level 9. HP: 78/78 MP: 8/8
  7296 | D:6      | Found a runed translucent door.
  7297 | D:6      | Noticed Crazy Yiuf
  7753 | D:6      | Killed Crazy Yiuf
  7856 | D:7      | Reached * piety under Okawaru
  8223 | D:7      | Noticed a kobold demonologist
  8271 | D:7      | Noticed an ice devil
  8282 | D:7      | Killed a kobold demonologist
  8283 | D:7      | Reached skill level 10 in Long Blades
  8559 | D:7      | Reached ** piety under Okawaru
  9488 | D:8      | Found a flagged portal.
  9505 | Bailey   | Entered a bailey
  9523 | Bailey   | Reached XP level 10. HP: 42/88 MP: 6/9
  9995 | Bailey   | Noticed a vault guard
 10025 | Bailey   | Killed a vault guard
 10025 | Bailey   | Reached *** piety under Okawaru
 10026 | Bailey   | Reached skill level 10 in Armour
 10026 | Bailey   | Reached skill level 1 in Stealth
 10277 | Bailey   | Noticed a vault guard
 10277 | Bailey   | Noticed Prince Ribbit
 10299 | Bailey   | Killed a vault guard
 10307 | Bailey   | Killed Prince Ribbit
 11032 | D:8      | Identified the +10 trident of Youthful Indiscretion {drain,
                  | rPois Int-5 Dex+3}
 11350 | D:8      | Reached **** piety under Okawaru
 11378 | D:8      | Found a stormy altar of Qazlal.
 11908 | D:9      | Reached XP level 11. HP: 75/97 MP: 10/10
 12060 | D:9      | Found a sparkling altar of Nemelex Xobeh.
 12210 | D:9      | Found an ancient bone altar of Kikubaaqudgha.
 12217 | D:9      | Found a burning altar of Makhleb.
 12623 | D:9      | Found a runed translucent door.
 12624 | D:9      | Noticed a centaur warrior
 12624 | D:9      | Noticed Artool's ghost (novice DsGl)
 12725 | D:10     | Entered Level 10 of the Dungeon
 12908 | D:10     | Found Ykophali's Magic Scroll Emporium.
 13408 | D:10     | Noticed a skeletal warrior
 13493 | D:10     | Found a staircase to the Lair.
 13517 | Lair:1   | Entered Level 1 of the Lair of Beasts
 13603 | Lair:1   | Reached skill level 1 in Invocations
 13900 | Lair:1   | Reached ***** piety under Okawaru
 13966 | Lair:1   | Noticed Joseph
 14402 | Lair:1   | Killed Joseph
 14403 | Lair:1   | Reached skill level 10 in Fighting
 14834 | Lair:1   | Received a gift from Okawaru
 15903 | Lair:2   | Noticed a 13-headed hydra
 15903 | Lair:2   | Found a runed translucent gate.
 15903 | Lair:2   | Found a runed translucent gate.
 15903 | Lair:2   | Found a runed translucent gate.
 15904 | Lair:2   | Noticed engelados's ghost (journeyman BaCj)
 16016 | Lair:2   | Reached XP level 12. HP: 96/107 MP: 11/11
 16086 | Lair:2   | Found a hole to the Spider Nest.
 16209 | Lair:2   | Found a staircase to the Swamp.
 16983 | Lair:2   | Noticed a nine-headed hydra
 17210 | Lair:2   | Reached skill level 10 in Shields
 18252 | Lair:3   | Noticed a five-headed hydra
 19011 | Lair:3   | Identified the +0 helmet "Put-Me-On" {rCorr Str+4}
 19212 | Lair:4   | Noticed a five-headed hydra
 20114 | D:10     | Found a white marble altar of Elyvilon.
 20306 | D:11     | Received a gift from Okawaru
 20999 | D:11     | Noticed a boulder beetle
 21046 | D:11     | Killed a boulder beetle
 21065 | D:11     | Noticed a boulder beetle
 21237 | D:11     | Killed a boulder beetle
 22382 | D:12     | Found a staircase to the Orcish Mines.
 22581 | D:12     | Identified the +1 ring mail of the King of the Hill {rF++}
 22604 | D:12     | Reached XP level 13. HP: 93/117 MP: 11/13
 22715 | D:12     | Reached skill level 1 in Evocations
 23311 | D:12     | Reached skill level 15 in Long Blades
 24080 | Orc:1    | Entered Level 1 of the Orcish Mines
 24496 | Orc:1    | Reached skill level 15 in Armour
 24845 | Lair:1   | Killed engelados's ghost
 25085 | Lair:1   | Slain by a ten-headed hydra

Illustrated notes

Levels and vault maps discovered:
D:1:      lemuel_arrival_river_bridge, layout_rooms,
          hellmonk_ecumenical_altar_defaced_shrine, minmay_tetromino_l2
D:2:      layout_loops_cross, basic_altar, minmay_crystal_room
D:3:      layout_basic
D:4:      layout_layer_cave
D:5:      layout_cave_pools, gammafunk_ghost_split, serial_gnoll_camp,
          gnoll_camp_mini_basic, gnoll_camp_mini_loothouse, grums_kennel,
          gnoll_camp_mini_hut
D:6:      layout_basic, grunt_gozag_statues, minmay_temple_entry_statues,
          uniq_crazy_yiuf_cottage
D:7:      layout_cave_pods, minmay_misc_feat_four_crosses
D:8:      layout_loops_ring, nicolae_qazlal_eye_of_the_storm, enter_bailey_6,
          serial_park_tiny_2
D:9:      layout_roguey [special_room_orc], mainiacjoe_overflow_24_doors,
          amethyst_overflow_temple_binary, ebering_ghost_inner_flame
D:10:     lemuel_flame_loot_2, layout_layer_cave, lemuel_coloured_pillars_altar,
          minmay_lair_entry_grove, serial_shops, nicolae_shop_hallway_plus
D:11:     layout_cave_pools, hangedman_abyss_or_decor_lesser_grid
D:12:     layout_stronghold, orc_0_dummy
Temple:   regret_index_temple_sphere_string
Lair:1:   layout_gridlike, lemuel_fruit_fields, lemuel_fruit_fields,
          grunt_megastairs_5, serial_bayou_shore_a, uniq_joseph
Lair:2:   layout_cave_shapes, minmay_swamp_entry_wisps, spider_nest_entry_webs,
          gammafunk_ghost_hydra_chop
Lair:3:   layout_concentric_octagons, nicolae_lair_run_with_the_wolves,
          infiniplex_staircase_pool_2
Lair:4:   layout_misc_corridors, dpeg_slime_entry_enclosed, grunt_megastairs_2
Orc:1:    layout_caves, kennysheep_orc_chapel

Skill      XL: |  1  2  3  4  5  6  7  8  9 10 11 12 13 |
---------------+----------------------------------------+-----
Armour         | 4 5 6 8 9 11 12 14 15 | 15.1
Shields        | 4 6 7 9 11 | 11.6
Fighting       | 4 5 6 8 9 10 11 12 | 12.3
Long Blades    | 3 4 5 6 7 8 11 12 14 15 | 15.1
Dodging        | 1 2 3 4 |  4.6
Stealth        | 1 2 |  2.1
Invocations    | 1 2 |  2.4
Evocations     | 1 |  1.3

Action                   |  1- 3 |  4- 6 |  7- 9 | 10-12 | 13-15 || total
-------------------------+-------+-------+-------+-------+-------++-------
Melee: Long sword        |    81 |   108 |   411 |   584 |       ||  1184
       Headbutt          |    13 |    14 |    98 |   232 |    46 ||   403
       Scimitar          |       |       |       |   379 |   183 ||   562
       Hand axe          |       |       |       |       |     8 ||     8
Throw: Throwing net      |       |       |       |     3 |       ||     3
Invok: Heroism           |       |       |     1 |    24 |     8 ||    33
Evoke: Wand              |       |       |       |     7 |     8 ||    15
  Use: Scroll            |       |     3 |     9 |    13 |     7 ||    32
       Potion            |       |     2 |     2 |     5 |     1 ||    10
 Stab: Held in net/web   |       |       |       |     2 |       ||     2
Armor: Scale mail        |    39 |    68 |   105 |       |       ||   212
       Chain mail        |       |       |    19 |       |       ||    19
       Plate armour      |       |       |    64 |   411 |   170 ||   645
Dodge: Dodged            |    40 |    62 |   159 |   331 |   120 ||   712
Block: Buckler           |    18 |    29 |   122 |   368 |   114 ||   651
